Unix NetHack Version 3.7.0-86 Work-in-progress - last build May 30 2023 01:50:43 (cc98dc9aa62a9957b082a042edf5bd7ec9f632c7,branch:master). Game began 2023-06-02 18:22:11, ended 2023-06-03 17:34:01. spline, lawful female human Valkyrie ----- ..).-- ..)..-- ..)..| .....| )@G.. h..<. ... Spline the Stripling St:17 Dx:17 Co:17 In:9 Wi:8 Ch:7 Lawful Dlvl:4 $:20 HP:0(16) Pw:2(2) AC:2 Xp:1/15 T:893 Latest messages: A trap door in the ceiling opens and a rock falls on your head! Fortunately, you are wearing a hard helmet. You swap places with Morris. The door opens. The grid bug misses! You kill the grid bug! This door is locked. This door is locked. This door is locked. This door is locked. You see no objects here. In what direction? h As you kick the door, it crashes open! The door opens. That door is closed. The door opens. You see here a scroll labeled KO BATE. q - a scroll labeled KO BATE. You see here a tin wand. r - a tin wand. You see here a plate mail. You have a little trouble lifting a plate mail. Continue? [ynq] (q) n You descend the stairs. You climb up the stairs. You descend the stairs. The gnome hits! Morris misses the gnome. An arrow misses you. It bites the gnome. The gnome hits! It bites the gnome. The gnome is killed! An arrow misses you. You are almost hit by an arrow. You see here an arrow. You see here 2 arrows. It is missed. An arrow misses you. It is hit. You are hit by an arrow. It is hit! It is destroyed! The gnome hits! You are hit by an arrow. You die... Do you want your possessions identified? [ynq] (y) n Do you want to see your attributes? [ynq] (y) n Do you want an account of creatures vanquished? [ynaq] (y) n Do you want to see your conduct and achievements? [ynq] (y) n Do you want to see the dungeon overview? [ynq] (y) n Inventory: Coins $ - 20 gold pieces Weapons b - a +0 dagger (alternate weapon; not wielded) a - a +1 spear (weapon in hand) Armor f - an uncursed +0 orcish helm (being worn) c - an uncursed +3 small shield (being worn) l - an uncursed +0 ring mail (being worn) Comestibles d - 2 uncursed food rations p - an uncursed food ration m - an uncursed tin of spinach Scrolls q - an uncursed scroll of identify Spellbooks g - an uncursed spellbook of slow monster Potions h - an uncursed potion of extra healing Rings o - a cursed ring of hunger Wands r - a wand of light (0:15) i - a wand of lightning (0:5) Tools k - a cursed oil lamp n - an uncursed tin whistle Spline the Valkyrie's attributes: Background: You were a Stripling, a level 1 human Valkyrie. You were lawful, on a mission for Tyr who was opposed by Odin (neutral) and Loki (chaotic). You were in the Gnomish Mines, on level 4. You entered the dungeon 893 turns ago. There was a full moon in effect when your adventure ended. You had 15 experience points, 5 more were needed to attain level 2. Basics: You had 0 out of 16 hit points. You had both energy points (spell power). Your armor class was 2. Your wallet contained 20 zorkmids. Autopickup was off. Final Characteristics: Your strength was 17 (limit:18/100). Your dexterity was 17 (limit:18). Your constitution was 17 (limit:18). Your intelligence was 9 (limit:18). Your wisdom was 8 (limit:18). Your charisma was 7 (limit:18). Final Status: You were not hungry. You were unencumbered. You were wielding a spear. You had basic skill with spear. Final Attributes: You were devoutly aligned. You were cold resistant. You were warded. You were lucky. You are dead. Miscellaneous: You never encountered a bones level. Total elapsed playing time was 45 minutes and 34 seconds. Major events: Turn 1: spline the lawful human Valkyrie entered the dungeon 877: entered the Gnomish Mines 893: killed by an arrow Vanquished creatures: an acid blob 2 gnomes a jackal a goblin 4 grid bugs 2 lichens 3 kobold zombies 3 newts 17 creatures vanquished. No species were genocided or became extinct. Voluntary challenges: You were illiterate. You never engraved Elbereth. You never genocided any monsters. You never polymorphed an object. You never changed form. You used no wishes. Achievement: You entered the Gnomish Mines. The Dungeons of Doom: levels 1 to 3 Level 1: An altar to Tyr, a fountain. Level 2: Level 3: An altar. Stairs down to The Gnomish Mines. The Gnomish Mines: Level 4: <- You were here. Final resting place for you, killed by an arrow. Game over: ---------- / \ / REST \ / IN \ / PEACE \ / \ | spline | | 20 Au | | killed by an | | arrow | | | | | | 2023 | *| * * * | * _________)/\\_//(\/(/\)/\//\/|_)_______ Farvel spline the Valkyrie... You died in The Gnomish Mines on dungeon level 4 with 238 points, and 20 pieces of gold, after 893 moves. You were level 1 with a maximum of 16 hit points when you died.